Map: Abiogenesis LE

Players

Kelazhur - Winner!

  • Race: Terran Terran
  • Spawn Location: 11:00

CatZ

  • Race: Zerg Zerg
  • League: Grandmaster
  • Spawn Location: 5:00

VOD

Have the link to the VOD?

Description

Time

  • Played on: Feb. 2, 2018, 7:20 p.m.
  • Length: 12:59
Show
View Real Time Build Order
Export as new Build Order

Kelazhur Terran - Winner!

Build Orders: Cyclone Opening, Reaper Expand 

Get SALT Encoding   

  12  0:00  SCV  
  13  0:13  SCV  
  14  0:17  Supply Depot  
  14  0:25  SCV  
  15  0:38  SCV  
  15  0:40  Barracks  
  16  0:44  Refinery  
  16  0:50  SCV  
  17  1:03  SCV  
  18  1:15  SCV  
  19  1:27  Orbital Command, Reaper  
  20  1:40  Command Center  
  20  1:50  Supply Depot  
  20  1:53  SCV  
  21  1:59  Marine  
  22  2:05  SCV  
  22  2:07  Factory  
  23  2:12  Refinery  
  23  2:17  SCV  
  23  2:22  Barracks Reactor  
  24  2:29  SCV  
  25  2:41  SCV  
  25  2:52  Bunker, Cyclone  
  25  2:54  Orbital Command  
  25  2:58  Marine x2  
  29  3:01  SCV  
  31  3:06  Bunker  
  31  3:13  SCV  
  31  3:18  Starport  
  31  3:19  Marine x2  
  34  3:25  SCV  
  34  3:27  Factory Tech Lab  
  35  3:34  SCV  
  34  3:37  SCV, Marine  
  34  3:39  Supply Depot  
  34  3:40  Marine  
  37  3:58  Marine, Factory Tech Lab  
  38  4:03  Banshee  
  38  4:05  Supply Depot  
  38  4:06  SCV  
  42  4:14  Cloaking Field  
  42  4:16  Marine  
  43  4:17  Siege Tank  
  46  4:27  Supply Depot, SCV  
  47  4:39  SCV  
  47  4:42  SCV  
  48  4:46  Banshee  
  48  4:49  Command Center  
  48  4:51  SCV  
  52  4:54  SCV  
  53  5:03  SCV, Barracks Reactor  
  53  5:06  SCV  
  55  5:15  SCV  
  55  5:18  SCV  
  55  5:20  Siege Tank  
  60  5:23  Supply Depot  
  60  5:27  SCV  
  61  5:28  Bunker  
  61  5:38  SCV  
  62  5:44  SCV, Marine x2  
  62  5:49  Barracks  
  68  5:50  Barracks  
  68  5:53  SCV, Engineering Bay  
  62  5:57  SCV  
  62  5:59  Viking, Siege Tank  
  62  6:02  Supply Depot  
  62  6:04  Orbital Command  
  62  6:05  Supply Depot  
  62  6:09  Marine x2  
  60  6:11  SCV  
  60  6:14  SCV  
  59  6:20  Missile Turret  
  59  6:23  SCV, Missile Turret  
  59  6:24  Missile Turret  
  60  6:26  SCV  
  60  6:27  Marine x2  
  60  6:28  Supply Depot  
  63  6:35  SCV, Viking  
  63  6:36  SCV  
  63  6:38  Barracks Tech Lab  
  67  6:41  Terran Infantry Weapons Level 1  
  67  6:45  Marine x2  
  67  6:46  SCV  
  70  6:50  SCV  
  68  7:00  Refinery x2  
  68  7:01  SCV  
  68  7:02  SCV, Engineering Bay  
  68  7:07  Supply Depot  
  70  7:08  Stimpack  
  70  7:09  Marine x2  
  70  7:11  Marine  
  70  7:14  Combat Shields, Marine  
  74  7:20  SCV  
  74  7:21  Barracks  
  74  7:22  Starport Reactor  
  76  7:23  Barracks  
  76  7:26  Orbital Command  
  76  7:27  Marine x2  
  76  7:29  Marine  
  78  7:32  SCV, Marine  
  79  7:40  Armory, Terran Infantry Armor Level 1  
  79  7:45  Marine x2  
  79  7:46  Missile Turret  
  79  7:47  SCV x2, Marine  
  79  7:50  Marine  
  85  7:55  SCV  
  86  7:59  SCV  
  86  8:02  Marine, Siege Tank  
  86  8:03  SCV  
  92  8:05  Missile Turret  
  92  8:07  SCV, Medivac  
  92  8:11  SCV, Refinery  
  96  8:12  Marine  
  96  8:15  SCV  
  96  8:19  SCV  
  99  8:20  Barracks Reactor x2  
  99  8:23  SCV  
  99  8:24  Marine x2  
  99  8:25  Marauder  
  104  8:30  Marine  
  96  8:34  Siege Tank  
  89  8:42  Marine x2  
  89  8:45  SCV  
  89  8:46  Marine  
  92  8:48  Marine  
  92  8:50  Factory  
  82  8:58  SCV x2  
  82  9:00  Marine x3  
  83  9:03  Marine  
  83  9:05  Supply Depot  
  83  9:06  Marine, Siege Tank  
  83  9:07  Marine  
  83  9:08  Marine x2  
  83  9:09  Orbital Command  
  91  9:10  SCV, Concussive Shells  
  92  9:17  Marine  
  92  9:18  Marine x2  
  92  9:21  Marine  
  92  9:24  Marine  
  96  9:26  Supply Depot  
  96  9:27  Supply Depot, Marine  
  96  9:29  Medivac  
  98  9:31  Marine  
  98  9:32  Marine  
  98  9:36  Marine  
  101  9:48  SCV, Marauder x2, Siege Tank  
  101  9:49  Marine x5  
  101  9:50  Medivac  
  116  9:53  Marine  
  117  10:01  Supply Depot  
  117  10:02  Supply Depot  
  117  10:03  Supply Depot x2  
  117  10:04  Supply Depot  
  117  10:05  Terran Infantry Weapons Level 2  
  117  10:23  SCV x2, Medivac, Marine x4  
  117  10:24  Marine x2, Marauder x2  
  117  10:28  Missile Turret  
  131  10:30  Supply Depot  
  129  10:40  Marine x4  
  129  10:42  Marine x2, Terran Infantry Armor Level 2  
  135  10:46  Marauder x2  
  137  10:55  Medivac x2  
  135  10:58  Marine  
  134  11:05  Marine  
  134  11:07  Marauder x2  
  134  11:08  Factory Tech Lab  
  134  11:09  SCV x3  
  134  11:11  Barracks  
  141  11:12  Barracks  
  141  11:13  Barracks  
  140  11:21  SCV  
  140  11:23  Marine  
  140  11:25  Medivac x2, Siege Tank  
  140  11:28  Marine x2  
  140  11:29  Marauder x2  
  140  11:30  Marine  
  140  11:32  Marine  
  140  11:37  Marine  
  140  11:42  Siege Tank  
  143  11:49  Marine  
  143  11:50  Marine, Marauder  
  143  11:53  Marine  
  146  11:57  Marine x3  
  146  11:58  Marauder  
  149  12:04  Supply Depot  
  149  12:07  Marine  
  150  12:09  Marine  
  150  12:11  Marine x2, Siege Tank  
  150  12:13  Marine  
  150  12:14  Marine, Siege Tank  
  161  12:23  Marauder  
  161  12:24  Marine  
  159  12:35  Marine x8, Marauder  
Show
View Real Time Build Order
Export as new Build Order

CatZ Zerg 

Build Orders: Pool First 

Get SALT Encoding   

  12  0:00  Drone  
  13  0:10  Drone, Extractor  
  13  0:16  Drone  
  14  0:23  Overlord  
  14  0:30  Drone, Extractor  
  15  0:44  Drone x2  
  17  0:56  Spawning Pool  
  16  1:00  Drone  
  17  1:05  Drone  
  18  1:16  Drone  
  19  1:32  Hatchery  
  18  1:35  Drone  
  19  1:46  Roach Warren  
  18  1:52  Drone  
  19  2:00  Queen  
  21  2:07  Overlord  
  21  2:26  Roach x3  
  27  2:38  Overlord  
  27  2:44  Extractor  
  27  2:48  Ravager x2  
  27  2:49  Ravager  
  30  2:53  Drone x2, Queen  
  30  2:57  Drone  
  35  3:00  Drone  
  36  3:09  Lair  
  36  3:11  Extractor  
  36  3:12  Drone  
  36  3:16  Drone  
  36  3:19  Drone  
  38  3:22  Drone  
  38  3:24  Drone  
  40  3:32  Drone x2  
  42  3:36  Drone  
  42  3:40  Drone  
  44  3:47  Overlord  
  44  3:56  Overlord  
  44  4:00  Overlord  
  44  4:02  Extractor  
  43  4:04  Drone  
  43  4:07  Drone x2  
  46  4:11  Drone, Spire  
  46  4:16  Drone  
  47  4:21  Drone x2, Extractor  
  48  4:25  Drone x2  
  48  4:29  Metabolic Boost  
  48  4:31  Drone  
  51  4:35  Drone x3  
  54  4:40  Pneumatized Carapace  
  54  4:43  Drone  
  54  4:45  Drone  
  56  4:47  Drone x2  
  58  4:56  Drone x2  
  60  5:00  Spore Crawler  
  60  5:02  Spore Crawler  
  58  5:11  Overlord x2  
  52  5:26  Overlord  
  52  5:28  Mutalisk x5  
  52  5:35  Zergling x8  
  66  5:42  Zergling x2  
  66  5:47  Overlord  
  66  5:50  Zergling x4  
  53  6:14  Hatchery  
  50  6:22  Glial Reconstitution  
  49  6:32  Zergling x6  
  45  6:43  Zergling x2  
  45  6:49  Roach  
  45  6:50  Roach x2  
  50  7:00  Roach  
  52  7:07  Roach  
  54  7:20  Roach x3  
  54  7:21  Roach  
  62  7:29  Roach  
  64  7:33  Roach  
  66  7:37  Roach  
  66  7:43  Roach  
  70  7:46  Roach x2  
  70  7:47  Roach  
  70  7:48  Roach  
  78  7:57  Roach  
  80  7:58  Roach  
  82  8:11  Ravager  
  82  8:12  Ravager x3  
  84  8:15  Overlord x2  
  84  8:20  Overlord  
  84  8:25  Overlord  
  66  8:41  Roach  
  66  8:42  Roach x5  
  66  8:47  Drone  
  66  8:48  Drone x2  
  77  8:56  Drone x3  
  77  9:02  Drone x2  
  82  9:05  Ravager x2  
  82  9:06  Ravager  
  82  9:09  Drone  
  86  9:15  Extractor  
  85  9:18  Hatchery  
  85  9:21  Drone x2  
  85  9:23  Drone  
  87  9:26  Drone  
  85  9:33  Drone x2  
  85  9:34  Evolution Chamber  
  85  9:38  Drone x3  
  89  9:48  Overlord  
  89  9:49  Drone x2  
  89  9:50  Drone  
  89  9:52  Drone  
  93  10:00  Zerg Ground Armor Level 1  
  97  10:07  Roach x2  
  97  10:11  Overlord  
  97  10:15  Roach  
  97  10:21  Ravager  
  100  10:22  Overlord  
  100  10:24  Overlord  
  100  10:34  Roach x3  
  100  10:35  Roach  
  108  10:48  Corruptor x2  
  96  10:57  Roach x3  
  99  11:05  Roach x2  
  99  11:06  Roach  
  99  11:08  Roach  
  107  11:15  Corruptor  
  103  11:34  Corruptor  
  103  11:37  Overlord  
  103  11:39  Ravager  
  106  11:41  Overlord  
  106  11:43  Overlord  
  106  11:52  Queen  
  94  11:58  Drone x8  
  94  12:15  Roach x2  
  98  12:18  Roach  
  98  12:21  Roach  
  102  12:24  Roach  
  96  12:31  Roach x4  
  96  12:34  Ravager  
  96  12:35  Ravager x4  
Tags
 
Add a new tag
Caveats
  • Supply blocks, unpowered buildings, or Contaminate may cause inaccurate times.
  • Supply counts are checked every 10 seconds.